 Dungeon Crawl Stone Soup version 0.27-a0-1500-g450c7e4133 (webtiles) character file.

Game seed: 1127504879422522213

123 MrSixtyFour the Sneak (level 4, -4/21 HPs)
             Began as a Spriggan Venom Mage on July 7, 2021.
             Killed from afar by an orc wizard (9 damage)
             ... with a puff of flame
             ... on level 3 of the Dungeon.
             The game lasted 00:14:11 (4063 turns).

MrSixtyFour the Sneak (Spriggan Venom Mage)         Turns: 4063, Time: 00:14:13

Health: -4/21      AC:  2    Str:  4    XL:     4   Next: 79%
Magic:  7/10       EV: 18    Int: 17    God:
Gold:   111        SH:  0    Dex: 15    Spells: 7/10 levels left

rFire    . . .     SeeInvis +   h - +0 short sword (drain)
rCold    . . .     Faith    .   (shield restricted)
rNeg     . . .     Spirit   .   a - +0 robe
rPois    +         Reflect  .   (helmet restricted)
rElec    .         Harm     .   (no cloak)
rCorr    .         Rampage  .   (gloves unavailable)
Will     .....                  (boots unavailable)
Stlth    +++.......             (no amulet)
HPRegen  0.07/turn              e - ring of poison resistance
MPRegen  0.12/turn              (no ring)

@: very quick
A: very small, no large weapons, unfitting armour, see invisible, speed 3
a: no special abilities


You were on level 3 of the Dungeon.
You visited 1 branch of the dungeon, and saw 3 of its levels.

You collected 111 gold pieces.

Inventory:

Hand Weapons
 h - a +0 short sword of draining (weapon)
Armour
 a - a +0 robe (worn)
Jewellery
 e - a ring of poison resistance (left hand)
 j - a +6 ring of strength
Scrolls
 i - a scroll of noise {unknown}
 k - a scroll of identify {unknown}
 l - a scroll of enchant weapon {unknown}
 m - a scroll of holy word {unknown}
 o - a scroll of immolation {unknown}
Potions
 b - a potion of might {unknown}
 c - a potion of mutation {unknown}
 d - a potion of curing {unknown}
 f - 2 potions of invisibility
 g - a potion of attraction {unknown}
 n - a potion of brilliance {unknown}


   Skills:
 + Level 1.5 Short Blades
 + Level 3.5 Dodging
 + Level 4.0 Stealth
 + Level 3.6 Spellcasting
 - Level 2.0 Transmutations
 + Level 0.1 Air Magic
 + Level 3.9 Poison Magic


You had 7 spell levels left.
You knew the following spells:

 Your Spells              Type           Power      Damage    Failure   Level
a - Sting                 Tmut/Pois      52%        1d5       4%          1
b - Poisonous Vapours     Pois/Air       20%        N/A       11%         2

Your spell library contained the following spells:

 Spells                   Type           Power      Damage    Failure   Level
 Passwall                 Tmut/Erth      5%         N/A       16%         2
 Mephitic Cloud           Conj/Pois/Air  7%         N/A       28%         3
 Olgreb's Toxic Radiance  Pois           16%        N/A       32%         4
 Swiftness                Air            3%         N/A       41%         3
 Conjure Ball Lightning   Conj/Air       1%         3x3d6     100%        6
 Invisibility             Hex            1%         N/A       100%        6
 Discord                  Hex            1%         N/A       100%        8
 Disjunction              Tloc           1%         N/A       100%        8


Dungeon Overview and Level Annotations

Branches:
Dungeon (3/15)

Altars:
Hepliaklqana
Okawaru
Wu Jian

Annotations:
D:3 Grinder


Innate Abilities, Weirdness & Mutations

You are very small and have problems with some larger weapons.
You are too small for most types of armour.
You have supernaturally acute eyesight. (SInv)
You cover ground extremely quickly. (Speed+++)


Message History

Your magical contamination has completely faded away.
You completely miss the adder.
The adder is almost dead.
The adder misses you.
You closely miss the adder.
The adder is almost dead.
The adder misses you. The adder completely misses you.
You miss the adder.
The adder is almost dead.
You kill the adder!
The orc wizard misses you.
Your Stealth skill increases to level 4!
You barely miss the orc.
Grinder blinks!
The orc wizard hits you with a +0 dagger.
You hit the orc but do no damage. You drain the orc.
The orc is moderately wounded.
The orc wizard hits you with a +0 dagger.
The orc closely misses you.
You hit the orc but do no damage. You drain the orc.
The orc is severely wounded.
The orc priest calls upon Beogh to heal the orc.
The orc's wounds heal themselves!
The orc wizard closely misses you. The orc hits you with a +0 hand axe.
You hit the orc. You drain the orc.
The orc is severely wounded.
The orc priest hits you with a +0 club.
The orc wizard points at you and mumbles some strange words.
You easily resist.
The orc closely misses you.
You hit the orc but do no damage.
The orc is severely wounded.
The orc priest hits you with a +0 club.
The orc wizard hits you with a +0 dagger.
The orc completely misses you.
You barely miss the orc.
The orc is severely wounded.
Grinder blinks!
The orc priest hits you with a +0 club.
* * * LOW HITPOINT WARNING * * *
The orc wizard points at you and mumbles some strange words.
The puff of flame hits you!
You die...

#### ###...## ##
##...# .# #...# .#
#...## .#### ##...#
....# #...#
....######## ##..#
...........###..##
...............o@##
..........)#####oo#
.....#######
####ยง# .....#
###....# .....#
##..)...# .....#
##......## .^.#.#
#...o#### .....#
#..o5###
...........#


You could see an orc priest, an orc wizard (invisible) and an orc (drained).

Vanquished Creatures
  4 adders
  A worm (D:2)
  7 orcs
  10 ball pythons
  2 bats (D:1)
  2 endoplasms
  4 giant cockroaches
  10 goblins
  10 hobgoblins
  7 kobolds
  5 quokkas
  3 frilled lizards
  4 rats
69 creatures vanquished.

Notes
Turn   | Place    | Note
-------+----------+-------------------------------------------
     0 | D:1      | MrSixtyFour the Spriggan Venom Mage began the quest for the
                  | Orb.
     0 | D:1      | Reached XP level 1. HP: 9/9 MP: 5/5
   374 | D:1      | Reached XP level 2. HP: 13/13 MP: 1/6
  1166 | D:1      | Reached XP level 3. HP: 16/16 MP: 6/8
  1857 | D:2      | Reached skill level 1 in Short Blades
  2364 | D:2      | Found an iron altar of Okawaru.
  2382 | D:2      | Reached XP level 4. HP: 21/21 MP: 7/10
  3268 | D:3      | Found a hazy altar of Hepliaklqana.
  3331 | D:3      | Found an ornate altar of the Wu Jian Council.
  3460 | D:3      | Noticed Grinder
  3484 | D:3      | Paralysed by Grinder for 5 turns
  3990 | D:3      | Learned a level 2 spell: Poisonous Vapours
  4058 | D:3      | Reached skill level 4 in Stealth
  4063 | D:3      | Killed from afar by an orc wizard

Illustrated notes

Levels and vault maps discovered:
D:1:      elethiomel_arrival_infinity_welcomes_careful_drivers,
          layout_loops_ring, minmay_misc_feat_encased, columned_hall_lemuel,
          minmay_misc_feat_nine_boxes
D:2:      layout_rooms, basic_altar
D:3:      layout_rooms, mainiacjoe_overflow_catwalk, overflow_temple_1_default,
          serial_curves, eino_curves_02, eino_curves_04, eino_curves_02,
          eino_curves_01, uniq_grinder

Skill      XL: |  1  2  3  4 |
---------------+-------------+-----
Spellcasting   | 3 |  3.6
Transmutations | 2 |  2.0
Dodging        | 3 |  3.5
Short Blades   | 1 |  1.5
Stealth        | 4 |  4.0
Air Magic      | |  0.1
Poison Magic   | |  3.9

Action                   |  1- 3 |  4- 6 || total
-------------------------+-------+-------++-------
Melee: Dagger            |    11 |       ||    11
       Short sword       |    28 |    20 ||    48
 Cast: Sting             |    78 |    30 ||   108
       Poisonous Vapours |       |     1 ||     1
  Use: Potion            |       |     1 ||     1
 Stab: Sleeping          |     1 |     1 ||     2
Armor: Robe              |     4 |     2 ||     6
Dodge: Dodged            |    51 |    37 ||    88

Table legend: (Time is in decaauts)
 A = Elapsed time spent in this place.
 B = Non-inter-level travel time spent in this place.
 C = Inter-level travel time spent in this place.
 D = Time resting spent in this place.
 E = Time spent auto-exploring this place.
 F = Levels seen in this place.
 G = Mean time per level.
                   A        B        C        D        E       F      G
               +--------+--------+--------+--------+--------+-----+--------+
         Total |   3420 |   3366 |     54 |   1621 |   1195 |   3 | 1140.0 |
       Dungeon |   3420 |   3366 |     54 |   1621 |   1195 |   3 | 1140.0 |
               +--------+--------+--------+--------+--------+-----+--------+

Top non-repeatable levels by time:
     D:2: 1813 daAuts
     D:1: 1350 daAuts
     D:3: 257 daAuts
